 Dungeon Crawl Stone Soup version 0.29-a0-319-gad05b8d819 (webtiles) character file.

Game seed: 3300361153662036251

2438 flyleaff the Cleaver (level 9, 0/87 (96) HPs)
             Began as an Ogre Gladiator on Apr 2, 2022.
             Was a Believer of Ashenzari.
             Slain by a wight
             ... wielding a +3 flail of freezing
              (6 damage)
             ... on level 6 of the Dungeon.
             The game lasted 00:15:16 (6819 turns).

flyleaff the Cleaver (Ogre Gladiator)               Turns: 6819, Time: 00:15:17

HP:   0/87 (96)     AC:  4    Str: 26    XL:     9   Next: 49%
MP:   9/9           EV: 15    Int: 17    God:    Ashenzari [**....]
Gold: 293           SH:  0    Dex: 12    Spells: 8/8 levels left

rFire   . . .      SeeInvis +   B - +9 executioner's axe "Share My Ethics" {flame, Str+4, Alch, Self} (curse)
rCold   . . .      Faith    .   (shield currently unavailable)
rNeg    . . .      Spirit   .   b - +0 robe
rPois   +          Reflect  .   c - +0 hat
rElec   .          Harm     .   i - +0 cloak
rCorr   .          Rampage  .   (gloves unavailable)
Will    .....      Clarity  +   (boots unavailable)
Stlth   +.........              (no amulet)
HPRegen 0.24/turn               h - +6 ring of intelligence
MPRegen 0.11/turn               y - ring "Cursed Yoke" {EV+4, Alch, Fort} (curse)

@: drained
A: large, unfitting armour, tough skin 1, clarity, clever 1, poison resistance,
screaming 1
a: Renounce Religion, Shatter the Chains


You were on level 6 of the Dungeon.
You worshipped Ashenzari.
Ashenzari was pleased with you.
You visited 1 branch of the dungeon, and saw 6 of its levels.
You also visited: Ossuary.

You collected 383 gold pieces.
You spent 90 gold pieces at shops.

Inventory:

Hand Weapons
 a - a +0 vorpal war axe
 B - the cursed +9 executioner's axe "Share My Ethics" (weapon) {flame, Str+4, Alch, Self}
   (You acquired it in an ossuary)

   It burns those it strikes, dealing additional fire damage.
   Big, fiery blades are also staple armaments of hydra-hunters.
   Str:       It affects your strength (+4).
   It has a curse which improves the following skills: Alchemy: Poison Magic and
   Transmutations.
   Introspection: Fighting and Spellcasting.
Missiles
 d - 6 atropa-tipped darts (quivered)
 e - a large rock
 f - 2 throwing nets
 m - 6 curare-tipped darts
 E - 5 boomerangs
 J - a boomerang of dispersal
Armour
 b - a +0 robe (worn)
 c - a +0 hat (worn)
 i - a +0 cloak (worn)
Jewellery
 h - a +6 ring of intelligence (left hand)
 j - a ring of magical power
 k - a ring of ice
 o - a ring of poison resistance
 y - the cursed ring "Cursed Yoke" (right hand) {EV+4, Alch, Fort}
   (You found it on level 4 of the Dungeon)

   [ring of evasion]

   EV:        It affects your evasion (+4).
   It has a curse which improves the following skills: Alchemy: Poison Magic and
   Transmutations.
   Fortitude: Armour and Shields.
Wands
 p - a wand of paralysis (19)
 v - a wand of iceblast (9)
Scrolls
 g - 6 scrolls of identify
 l - a scroll of brand weapon
 q - 2 scrolls of holy word
 r - a scroll of magic mapping
 s - a scroll of summoning
 u - a scroll of fear
 x - a scroll of blinking
 C - 2 scrolls of teleportation
 D - a scroll of amnesia
 G - a scroll of fog
 H - a scroll of noise
Potions
 n - a potion of curing
 t - 2 potions of ambrosia
 w - 3 potions of brilliance
 z - a potion of cancellation
 A - 3 potions of heal wounds
 F - a potion of invisibility
 I - 2 potions of flight
 K - a potion of haste


   Skills:
 - Level 7.0(8.2) Fighting
 + Level 10.3 Axes
 - Level 4.0 Throwing
 - Level 2.4(3.5) Armour
 - Level 4.1 Dodging


You had 8 spell levels left.
You didn't know any spells.
Your spell library contained the following spells:

 Spells                   Type           Power      Damage    Failure   Level
 Static Discharge         Conj/Air       0%         N/A       34%         2
 Dispel Undead            Necr           0%         3d6       93%         4
 Sticky Flame             Conj/Fire      0%         2d3       93%         4
 Summon Lightning Spire   Summ/Air       0%         N/A       93%         4
 Storm Form               Tmut/Air       0%         N/A       100%        7
 Maxwell's Capacitive Co  Air            0%         ∞         100%        8


Dungeon Overview and Level Annotations

Branches:
Dungeon (6/15)             Temple (0/1) D:5         Ossuary (visited)

Altars:
Ashenzari
Makhleb
Ru
Trog
Uskayaw
Wu Jian
Xom
Yredelemnul

Shops:
D:5 ?


Innate Abilities, Weirdness & Mutations

You are too large for most types of armour.
You have tough skin. (AC +1)
You possess an exceptional clarity of mind.
Your mind is acute. (Int +2)
Your system is resistant to poisons. (rPois)
You occasionally shout uncontrollably at your foes.


Message History

The wight misses you. The wight closely misses you.
The wight hits you with a +3 flail of freezing!
The wight freezes you. The wight misses you.
The wight hits you with a +3 flail of freezing.
You feel drained. The wight freezes you.
The wight hits you with a +3 flail of freezing.
The wight freezes you. The wight closely misses you.
The wight completely misses you. The wight misses you. The wight misses you.
The wight hits you with a +3 flail of freezing.
The wight freezes you. The wight misses you.
The wight hits you with a +3 flail of freezing!
You feel drained. The wight freezes you.
* * * LOW HITPOINT WARNING * * *
The wight closely misses you.
The wight hits you with a +3 flail of freezing.
* * * LOW HITPOINT WARNING * * *
The wight freezes you.
* * * LOW HITPOINT WARNING * * *
The wight hits you with a +3 flail of freezing.
* * * LOW HITPOINT WARNING * * *
You feel drained.
* * * LOW HITPOINT WARNING * * *
The wight freezes you.
* * * LOW HITPOINT WARNING * * *
The wight misses you.
The wight hits you with a +3 flail of freezing.
* * * LOW HITPOINT WARNING * * *
You feel drained.
* * * LOW HITPOINT WARNING * * *
The wight freezes you.
* * * LOW HITPOINT WARNING * * *
The wight barely misses you.
The wight hits you with a +3 flail of freezing.
You die...

* * * ##..#. .... ,
##..#.. * ... *
#######..#.#. ##.##*
#...##..#...# ###...#
#...#..#.#.#. #.....##
#...#.#...#.. ......#
#.>.'..#.#.#. * ##..z#
#...'...#.#.# #,#)..@#
###.'..#.#.#. #.#.#..#
###.#...#..
###.#.#..########..#.#.#.
#........#......##.^#...#
#.###.####.########..#.#.
#...........# ##..#..
#..########.# ##. ##..#.
#...........# #.. ∆##.)#
#,..######..## #.# ##..


You could see a wight.

Vanquished Creatures
  The ghost of Laraso the Bolt Thrower, an amateur NaHu (D:4)
  Sigmund (D:2)
  A shadow (D:6)
  Eustachio (D:5)
  Menkaure (D:4)
  2 water moccasins (D:5)
  A sky beast (D:5)
  2 black bears (D:5)
  An ogre (D:5)
  A kobold brigand (D:4)
  A necrophage (D:6)
  A scorpion (D:5)
  2 bullfrogs
  A wight (D:6)
  4 crimson imps (D:3)
  An orc priest (D:6)
  3 hounds
  4 iguanas
  3 orc wizards
  3 mummies (Ossuary)
  7 adders
  2 white imps (D:5)
  3 ufetubi
  2 adder zombies (Ossuary)
  2 worms
  3 dart slugs
  22 orcs
  6 endoplasms
  5 giant cockroaches
  5 goblins
  12 hobgoblins
  4 quokkas
  5 ball pythons
  4 bats
  3 frilled lizards (D:1)
  2 goblin zombies (Ossuary)
  9 hobgoblin zombies (Ossuary)
  16 kobolds
  A kobold zombie (Ossuary)
  An orc zombie (Ossuary)
  3 quokka zombies (Ossuary)
  7 rats
159 creatures vanquished.

Vanquished Creatures (others)
  A plant (D:2)
1 creature vanquished.

Grand Total: 160 creatures vanquished

Notes
Turn   | Place    | Note
-------+----------+-------------------------------------------
     0 | D:1      | flyleaff the Ogre Gladiator began the quest for the Orb.
     0 | D:1      | Reached XP level 1. HP: 22/22 MP: 1/1
   188 | D:1      | Reached XP level 2. HP: 28/29 MP: 2/2
   197 | D:1      | Found a faded altar of an unknown god.
   233 | D:1      | Prayed at the altar of an unknown god.
   233 | D:1      | Became a worshipper of Uskayaw the Reveller
   233 | D:1      | Reached * piety under Uskayaw
   234 | D:1      | Fell from the grace of Uskayaw
   942 | D:2      | Reached XP level 3. HP: 27/37 MP: 3/3
  1744 | D:2      | Noticed Sigmund
  1768 | D:2      | Killed Sigmund
  1769 | D:2      | Reached skill level 4 in Axes
  1769 | D:2      | Reached skill level 1 in Armour
  1769 | D:2      | Reached XP level 4. HP: 23/49 MP: 4/4
  1769 | D:2      | Reached XP level 5. HP: 26/55 MP: 5/5
  2361 | D:3      | Identified the +0 pair of gloves of the Original Sin {Harm
                  | Slay+2}
  2430 | D:3      | Reached XP level 6. HP: 64/65 MP: 6/6
  2451 | D:3      | Found a broken altar of Ashenzari.
  2566 | D:3      | Became a worshipper of Ashenzari the Shackled
  2839 | D:3      | Found a shimmering altar of Xom.
  2850 | D:3      | Reached skill level 5 in Fighting
  3107 | D:3      | Found a sacrificial altar of Ru.
  3108 | D:3      | Found a burning altar of Makhleb.
  3108 | D:3      | Found an ornate altar of the Wu Jian Council.
  3110 | D:3      | Found a bloodstained altar of Trog.
  3111 | D:3      | Found a basalt altar of Yredelemnul.
  3346 | D:4      | Noticed Menkaure
  3349 | D:4      | Killed Menkaure
  3350 | D:4      | Reached XP level 7. HP: 57/74 MP: 7/7
  3597 | D:4      | Reached skill level 5 in Axes
  3706 | D:4      | Noticed Laraso's ghost (amateur NaHu)
  3707 | D:4      | Found a runed translucent gate.
  3708 | D:4      | Found a runed translucent gate.
  3708 | D:4      | Found a runed translucent gate.
  4028 | D:4      | Reached * piety under Ashenzari
  4322 | D:4      | Killed Laraso's ghost
  4323 | D:4      | Reached XP level 8. HP: 25/84 MP: 8/8
  4618 | D:5      | Entered Level 5 of the Dungeon
  4640 | D:5      | Found a staircase to the Ecumenical Temple.
  4643 | D:5      | Found Laimitsysi's Magic Scroll Boutique.
  4650 | D:5      | Bought a scroll of magic mapping for 45 gold pieces
  4650 | D:5      | Bought a scroll of magic mapping for 45 gold pieces
  4674 | D:5      | Found a sand-covered staircase.
  4683 | Ossuary  | Entered an ossuary
  4794 | Ossuary  | Identified a scroll of acquirement
  4819 | Ossuary  | Gained mutation: Your mind is acute. (Int +2) [potion of
                  | mutation]
  4819 | Ossuary  | Gained mutation: You possess an exceptional clarity of
                  | mind. [potion of mutation]
  4819 | Ossuary  | Gained mutation: You occasionally shout uncontrollably at
                  | your foes. [potion of mutation]
  4819 | Ossuary  | Gained mutation: Your system is resistant to poisons.
                  | (rPois) [potion of mutation]
  4822 | Ossuary  | Acquired the +9 executioner's axe "Gyhemec" {flame, Str+4}
  4892 | D:5      | Reached skill level 6 in Axes
  4978 | D:5      | Reached skill level 7 in Axes
  5094 | D:5      | Was forgiven by Uskayaw
  5233 | D:5      | Noticed Eustachio
  5244 | D:5      | Killed Eustachio
  5245 | D:5      | Reached skill level 8 in Axes
  5290 | D:5      | Reached XP level 9. HP: 57/93 MP: 9/9
  5651 | D:5      | Reached skill level 9 in Axes
  6215 | D:6      | Reached ** piety under Ashenzari
  6701 | D:6      | Reached skill level 10 in Axes
  6819 | D:6      | Slain by a wight

Illustrated notes

Levels and vault maps discovered:
D:1:      minmay_arrival_five_plusses, layout_loops_ring,
          chequers_ecumenical_altar_island, item_on_display_a
D:2:      layout_basic, chequers_big_river, uniq_sigmund
D:3:      layout_loops_ring, nicolae_ashenzari_panopticon, led_xom_imps,
          grunt_temple_overflow_open, kennysheep_big_empty_room,
          patterned_corridor
D:4:      nicolae_cairo_tiling_very_big, layout_loops_ring,
          gammafunk_ghost_nasty_kobolds, corexii_corridor_pit, minivault_19,
          minivault_11, chequers_serial_rivers_micro_a, uniq_menkaure
D:5:      kennysheep_six_static_rooms, layout_loops_cross, temple_pool_b,
          nicolae_ossuary_entry_ruins, serial_shops, shop_fountains,
          uniq_eustachio
D:6:      layout_loops_cross, kennysheep_cluttered_room, minivault_5,
          minmay_misc_feat_more_columns

Skill      XL: |  1  2  3  4  5  6  7  8  9 |
---------------+----------------------------+-----
Fighting       | 3 4 5 6 7 |  7.0
Axes           | 4 5 8 10 | 10.3
Armour         | 1 2 |  2.4
Dodging        | 3 4 |  4.1
Throwing       | 3 4 |  4.0

Action                   |  1- 3 |  4- 6 |  7- 9 || total
-------------------------+-------+-------+-------++-------
Melee: War axe           |   124 |    49 |   102 ||   275
       Punch             |     1 |       |       ||     1
       Executioner's axe |       |       |    98 ||    98
Throw: Throwing net      |     3 |       |       ||     3
Invok: Renounce Religion |     1 |       |       ||     1
       Curse Item        |       |     1 |     2 ||     3
       Shatter the Chain |       |       |     1 ||     1
  Use: Potion            |     5 |       |     2 ||     7
       Scroll            |     4 |       |     3 ||     7
 Stab: Sleeping          |     1 |     1 |     1 ||     3
Armor: Robe              |    43 |    16 |    36 ||    95
       Skin              |     4 |       |       ||     4
Dodge: Dodged            |    72 |    31 |   166 ||   269

Table legend: (Time is in decaauts)
 A = Elapsed time spent in this place.
 B = Non-inter-level travel time spent in this place.
 C = Inter-level travel time spent in this place.
 D = Time resting spent in this place.
 E = Time spent auto-exploring this place.
 F = Levels seen in this place.
 G = Mean time per level.
                   A        B        C        D        E       F      G
               +--------+--------+--------+--------+--------+-----+--------+
         Total |   7090 |   6889 |    201 |     91 |   5512 |   7 | 1012.9 |
       Dungeon |   6913 |   6712 |    201 |     91 |   5431 |   6 | 1152.2 |
       Ossuary |    177 |    177 |      0 |      0 |     81 |   1 |  177.0 |
               +--------+--------+--------+--------+--------+-----+--------+

Top non-repeatable levels by time:
     D:4: 1527 daAuts
     D:2: 1370 daAuts
     D:5: 1358 daAuts
     D:3: 964 daAuts
     D:1: 944 daAuts
     D:6: 747 daAuts
 Ossuary: 177 daAuts
